 Dungeon Crawl Stone Soup version 0.31-a0-636-ge1c0e020e0 (webtiles) character file.

Game seed: 11426824253899399842

56272 avis the Evangelist (level 14, -1/135 HPs)
             Began as a Hill Orc Monk on Aug 26, 2023.
             Was an Elder of Beogh.
             Slain by a very large slime creature (49 damage)
             ... in an ice cave on Aug 27, 2023.
             The game lasted 02:02:55 (18651 turns).

avis the Evangelist (Hill Orc Monk)                Turns: 18651, Time: 02:02:55

Health: -1/135     AC: 17    Str: 19    XL:     14   Next: 81%
Magic:  25/28      EV: 10    Int:  5    God:    Beogh [****..]
Gold:   1264       SH:  0    Dex:  8    Spells: 13/13 levels left

rFire   + + +        a - +6 war axe "Zoitetua" {heavy, rF+ rN+ Int-5}
rCold   + . .        (no shield)
rNeg    + . .        I - +0 fire dragon scales
rPois   +            D - +0 helmet
rElec   +            s - scarf {repulsion}
rCorr   .            o - +0 pair of gloves
SInv    .            G - +2 pair of boots {rampage}
Will    +....        (no amulet) Stlth
                     y - ring of Taoffiz {rElec rPois rF+++ rC+ Dex-5}
HPRegen 0.42/turn    x - ring of protection from cold
MPRegen 0.21/turn

%: repel missiles, rampage
@: studying 2 skills
A: no striking features
a: Renounce Religion, Smiting, Recall Orcish Followers


You were in an ice cave.
You worshipped Beogh.
Beogh was greatly pleased with you.
You visited 3 branches of the dungeon, and saw 16 of its levels.
You also visited: Sewer, Bailey, Ice Cave and Volcano.

You collected 1264 gold pieces.

Inventory:

Hand Weapons
 a - the +6 war axe "Zoitetua" (weapon) {heavy, rF+ rN+ Int-5}
   (You found it in a sewer)

   Int-5:     It affects your intelligence (-5).
   rF+:       It protects you from fire.
   rN+:       It protects you from negative energy.
 b - a +2 arbalest of flaming
 i - a +2 triple crossbow of freezing
 w - a +0 demon whip of venom
 J - a +2 battleaxe of freezing
Armour
 o - a +0 pair of gloves (worn)
 s - a scarf of repulsion (worn)
 D - a +0 helmet (worn)
 G - a +2 pair of boots of rampaging (worn)
 I - +0 fire dragon scales (worn)
Jewellery
 c - a ring of flight
 n - a +4 ring of protection
 x - a ring of protection from cold (right hand)
 y - the ring of Taoffiz (left hand) {rElec rPois rF+++ rC+ Dex-5}
   (You found it in an ice cave)

   [ring of protection from cold]

   Dex-5:     It affects your dexterity (-5).
   rF+++:     It renders you almost immune to fire.
   rC+:       It protects you from cold.
   rElec:     It insulates you from electricity.
   rPois:     It protects you from poison
 z - a ring of ice
 E - a +4 ring of protection
 F - a ring of see invisible
 Z - a ring of positive energy
Wands
 m - a wand of paralysis (6) (quivered)
 B - a wand of flame (12)
 P - a wand of iceblast (12)
Scrolls
 d - a scroll of acquirement {unknown}
 e - 3 scrolls of blinking
 f - 2 scrolls of fog
 g - 3 scrolls of enchant weapon {unknown}
 h - a scroll of teleportation {unknown}
 k - 2 scrolls of noise {unknown}
 p - a scroll of butterflies {unknown}
 q - a scroll of enchant armour {unknown}
 r - 6 scrolls of immolation {unknown}
 N - 5 scrolls of identify {unknown}
 O - a scroll of poison {unknown}
 S - 2 scrolls of silence {unknown}
Potions
 j - a potion of invisibility {unknown}
 l - a potion of resistance {unknown}
 t - 3 potions of magic {unknown}
 u - 4 potions of brilliance {unknown}
 v - a potion of mutation {unknown}
 A - 2 potions of might {unknown}
 C - 5 potions of curing
 H - a potion of heal wounds
 K - 3 potions of enlightenment {unknown}
 L - a potion of cancellation {unknown}
 M - a potion of degeneration {unknown}


   Skills:
 - Level 15.0 Fighting
 - Level 16.0 Axes
 * Level 8.1 Armour
 - Level 5.0 Dodging
 - Level 10.0 Shields
 - Level 20.0 Invocations


You had 13 spell levels left.
You didn't know any spells.
Your spell library contained the following spells:

 Spells                   Type           Power      Damage    Failure   Level
 Kiss of Death            Conj/Necr      0%         2d5       86%         1
 Ensorcelled Hibernation  Hex/Ice        0%         N/A       95%         2
 Scorch                   Fire           0%         2d5       95%         2
 Call Canine Familiar     Summ           0%         N/A       99%         3
 Confusing Touch          Hex            0%         N/A       99%         3
 Portal Projectile        Hex/Tloc       0%         N/A       99%         3
 Anguish                  Hex/Necr       0%         N/A       100%        4
 Animate Dead             Necr           0%         N/A       100%        4
 Dispel Undead            Necr           0%         3d6       100%        4
 Flame Wave               Conj/Fire      0%         2d4       100%        4
 Leda's Liquefaction      Hex/Erth       0%         N/A       100%        4
 Borgnjor's Vile Clutch   Necr/Erth      0%         N/A       100%        5
 Conjure Ball Lightning   Conj/Air       0%         3x3d6     100%        6
 Death Channel            Necr           0%         N/A       100%        6
 Summon Cactus Giant      Summ           0%         N/A       100%        6
 Discord                  Hex            0%         N/A       100%        8
 Disjunction              Tloc           0%         N/A       100%        8


Dungeon Overview and Level Annotations

Branches:
Dungeon (12/15)            Temple (1/1) D:7            Lair (5/5) D:8
  Swamp (0/4) Lair:3        Snake (0/4) Lair:2        Slime (0/5) Lair:4
    Orc (0/2) D:12          Sewer (visited)          Bailey (visited)
  IceCv (1/1)             Volcano (visited)

Altars:
Ashenzari
Cheibriados
Elyvilon
Hepliaklqana
Kikubaaqudgha
Makhleb
Nemelex Xobeh
Okawaru
Qazlal
Ru
Sif Muna
Trog
Uskayaw
Wu Jian
Xom
Yredelemnul
Zin
The Shining One

Shops:
D:3 (   D:5 (

Annotations:
D:9 Psyche


Message History

The azure jelly is heavily wounded.
The azure jelly closely misses you. x2; The azure jelly hits you.
The azure jelly barely misses you.
A slime creature comes into view.
The azure jelly hits you but does no damage. x3
The azure jelly barely misses you.
You hit the azure jelly.
The azure jelly is heavily wounded.
The azure jelly hits you but does no damage. x2
The azure jelly barely misses you. The azure jelly hits you.
You slice the azure jelly!!
The azure jelly is almost dead.
The azure jelly hits you but does no damage.
The azure jelly barely misses you.
The azure jelly hits you but does no damage. x2
You slice the azure jelly!!
You kill the azure jelly!
Beogh accepts your kill.
Two slime creatures merge to form a large slime creature.
Your Armour skill increases to level 8!
You slash the large slime creature!
The large slime creature is lightly wounded.
Two slime creatures merge to form a very large slime creature.
Two slime creatures merge to form an enormous slime creature.
You cut the enormous slime creature into ribbons!!!
The enormous slime creature is moderately wounded.
Two slime creatures merge to form a titanic slime creature.
Aiming: Smiting
Press: ? - help, Dir - move target, f - titanic slime creature Smite: a titanic slime creature (lightly wounded)
You smite the titanic slime creature!!
The titanic slime creature is moderately wounded.
You slash the titanic slime creature!
The titanic slime creature is moderately wounded.
A titanic slime creature splits.
You cut the very large slime creature into ribbons!!!
The very large slime creature is heavily wounded.
You slash the large slime creature!
The very large slime creature hits you!!!
You die...

##...........###
###....###....
###.........# ###....######
########### ###.......#
###########.......###
##...............#####
####...........######....
##........##########......
##.......##########......#.
#.....####....@J.......#...
#....## #.....J#........._.
#.....####.....###.....#..
##......###.....####.....#
###.............# #......
###.........### ##....
########### ###


You could see a very large slime creature and a large slime creature.

Vanquished Creatures
  An azure jelly (IceCv)
  2 quicksilver oozes (IceCv)
  A fire dragon (Lair:5)
  Harold (D:9)
  4 hydras
  A centaur warrior (Volcano)
  5 death yaks
  2 boulder beetles (Lair:3)
  A two-headed ogre (D:9)
  A hell knight (Volcano)
  Amaemon (Lair:3)
  A fire crab (Lair:5)
  A lindwurm (Lair:5)
  2 oklob plants (Lair:4)
  2 elephants (Lair:4)
  A torpor snail (Lair:3)
  3 ice statues (IceCv)
  3 black mambas
  7 cane toads
  A gargoyle (D:12)
  An orange demon (Lair:3)
  5 rime drakes
  9 komodo dragons
  A yaktaur (Volcano)
  Grinder (D:4)
  8 blink frogs
  14 slime creatures (IceCv)
  A vampire (D:7)
  Sigmund (D:4)
  5 humans (D:7)
  20 yaks
  6 basilisks
  2 steam dragons
  Menkaure (D:4)
  A naga (Lair:2)
  8 water moccasins
  2 hell hounds (Lair:5)
  5 orc warriors (Bailey)
  An ice beast (D:8)
  A black bear (D:4)
  3 great orb of eyes simulacra (IceCv)
  2 ogres
  10 wolves
  7 centaurs
  A slime creature simulacrum (IceCv)
  A phantom (D:4)
  3 kobold brigands
  7 bullfrogs
  A glowing shapeshifter simulacrum (IceCv)
  A scorpion (D:5)
  10 killer bees
  2 howler monkeys
  4 lava snakes (Lair:5)
  2 orc priests
  A hound (D:5)
  2 jellies
  5 iguanas
  2 orc wizards
  A sleepcap (D:8)
  4 hell rats (Lair:5)
  A shapeshifter simulacrum (IceCv)
  4 gnolls
  6 adders
  2 shadow imps (D:7)
  A white imp (D:7)
  An ufetubus (D:5)
  A dart slug (D:4)
  9 orcs
  17 endoplasms
  16 giant cockroaches
  4 hobgoblins
  2 jackals (D:1)
  9 quokkas
  10 ball pythons
  3 bats
  10 frilled lizards
  7 goblins
  22 kobolds
  2 rats
330 creatures vanquished.

Vanquished Creatures (collateral kills)
  3 boulder beetles
  6 death yaks
  A skyshark (Lair:3)
  An orc knight (Bailey)
  2 elephants (Lair:4)
  A salamander (Lair:2)
  4 black mambas (Lair:5)
  A torpor snail (Lair:1)
  2 molten gargoyles (Lair:5)
  8 cane toads
  6 komodo dragons
  A rime drake (Lair:3)
  A polar bear (Lair:5)
  15 blink frogs
  21 yaks
  A wraith (D:9)
  A wyvern (Lair:3)
  A human (D:7)
  3 steam dragons
  2 nagas (Lair:2)
  3 water moccasins
  A hell hound (Lair:5)
  2 orc warriors (Bailey)
  A black bear (D:7)
  5 wolves
  A centaur (D:8)
  6 bullfrogs
  3 howler monkeys
  A lava snake (Lair:5)
  An orc wizard (D:7)
  2 hell rats (Lair:5)
  3 orcs
  2 goblins (D:8)
  2 kobolds (D:8)
114 creatures vanquished.

Vanquished Creatures (others)
  A hydra (Lair:5)
  An orc high priest (Lair:5)
  2 orc priests
  2 orc wizards
  15 orcs
21 creatures vanquished.

Grand Total: 465 creatures vanquished

Notes
Turn   | Place    | Note
-------+----------+-------------------------------------------
     0 | D:1      | avis the Hill Orc Monk began the quest for the Orb.
     0 | D:1      | Reached XP level 1. HP: 19/19 MP: 1/1
   130 | D:1      | Found a faded altar of an unknown god.
   148 | D:1      | Reached XP level 2. HP: 27/27 MP: 2/2
   648 | D:1      | Reached skill level 5 in Axes
   666 | D:1      | Reached XP level 3. HP: 33/33 MP: 3/3
  1911 | D:2      | Reached XP level 4. HP: 41/41 MP: 4/4
  2165 | D:3      | Found Fethram's Weapon Boutique.
  2847 | D:4      | Noticed Grinder
  3024 | D:4      | Noticed Menkaure
  3040 | D:4      | HP: 1/41 [Menkaure (12)]
  3046 | D:4      | Killed Menkaure
  3047 | D:4      | Reached skill level 5 in Fighting
  3047 | D:4      | Reached XP level 5. HP: 18/48 MP: 5/5
  3155 | D:4      | Reached XP level 6. HP: 41/56 MP: 6/6
  3164 | D:4      | Noticed a black bear
  3176 | D:4      | Killed a black bear
  3484 | D:4      | Paralysed by Grinder for 2 turns
  3495 | D:4      | Killed Grinder
  3496 | D:4      | Reached XP level 7. HP: 25/64 MP: 7/7
  3629 | D:4      | Noticed Sigmund
  3639 | D:4      | Killed Sigmund
  3827 | D:4      | Reached skill level 10 in Axes
  3827 | D:4      | Reached XP level 8. HP: 73/73 MP: 8/8
  4283 | D:5      | Entered Level 5 of the Dungeon
  4969 | D:5      | Became a worshipper of Beogh the Brigand
  4969 | D:5      | Reached * piety under Beogh
  4969 | D:5      | Reached ** piety under Beogh
  5042 | D:5      | Found Jeuxeux's Weapon Emporium.
  5227 | D:6      | Reached skill level 1 in Invocations
  5256 | D:6      | Reached skill level 2 in Invocations
  5258 | D:6      | Found a glowing drain.
  5267 | Sewer    | Entered a sewer
  5726 | Sewer    | Identified the +6 war axe "Zoitetua" {heavy, rF+ rN+ Int-5}
  5744 | Sewer    | Reached *** piety under Beogh
  5770 | D:6      | Reached skill level 3 in Invocations
  5802 | D:6      | Identified the ring "Wovatzy" {rC- rN+ rCorr AC+4 Int+3}
  5926 | D:6      | Reached XP level 9. HP: 81/81 MP: 11/11
  6085 | D:6      | Found a white marble altar of Elyvilon.
  6085 | D:6      | Found a hide-covered altar of Uskayaw.
  6146 | D:6      | Found a bloodstained altar of Trog.
  6148 | D:6      | Found a faded altar of an unknown god.
  6149 | D:6      | Found a burning altar of Makhleb.
  6151 | D:6      | Reached skill level 4 in Invocations
  6512 | D:7      | Found a staircase to the Ecumenical Temple.
  6537 | Temple   | Entered the Ecumenical Temple
  6608 | D:7      | Reached skill level 5 in Invocations
  6615 | D:7      | Gained Ugbert as an ally
  6831 | D:7      | Reached skill level 6 in Invocations
  6868 | D:7      | Reached XP level 10. HP: 90/91 MP: 14/14
  7339 | D:8      | Found a flagged portal.
  7342 | D:8      | Reached **** piety under Beogh
  7396 | Bailey   | Entered a bailey
  7413 | Bailey   | Reached skill level 10 in Fighting
  7505 | Bailey   | Reached skill level 7 in Invocations
  7709 | Bailey   | Noticed an orc knight
  7714 | Bailey   | Killed an orc knight
  7715 | Bailey   | Reached skill level 15 in Axes
  7927 | Temple   | Reached skill level 8 in Invocations
  7927 | Temple   | Reached XP level 11. HP: 101/101 MP: 15/17
  8204 | D:8      | Found a staircase to the Lair.
  8389 | Lair:1   | Entered Level 1 of the Lair of Beasts
  8405 | Lair:1   | Reached skill level 5 in Shields
  8409 | Lair:1   | Reached skill level 5 in Armour
  8409 | Lair:1   | Reached skill level 9 in Invocations
  8413 | Lair:1   | HP: 5/101 [torpor snail (17)]
  8705 | Lair:1   | Reached skill level 5 in Dodging
  8707 | Lair:1   | Reached skill level 10 in Invocations
  8741 | Lair:1   | Reached skill level 11 in Invocations
  8748 | Lair:1   | Gained Orik as an ally
  8756 | Lair:1   | Gained Ugbert as an ally
  8899 | Lair:1   | Reached skill level 12 in Invocations
  8900 | Lair:1   | Reached XP level 12. HP: 109/110 MP: 19/21
  8905 | Lair:1   | Reached ***** piety under Beogh
  8989 | Lair:1   | Noticed a death yak
  8989 | Lair:1   | Noticed a death yak
  8990 | Lair:1   | Noticed a death yak
  8990 | Lair:1   | Noticed a death yak
  8990 | Lair:1   | Noticed a death yak
  8991 | Lair:1   | Noticed a death yak
  8996 | Lair:1   | Killed a death yak
  8997 | Lair:1   | Killed a death yak
  8998 | Lair:1   | Reached skill level 13 in Invocations
  8999 | Lair:1   | Killed a death yak
  9002 | Lair:1   | Killed a death yak
  9007 | Lair:1   | Killed a death yak
  9009 | Lair:1   | Killed a death yak
  9010 | Lair:1   | Reached skill level 14 in Invocations
 10072 | Lair:2   | Reached skill level 15 in Invocations
 10255 | Lair:2   | Found a staircase to the Snake Pit.
 10264 | Lair:2   | Reached skill level 16 in Invocations
 10796 | Lair:3   | Noticed a boulder beetle
 10803 | Lair:3   | Killed a boulder beetle
 10830 | Lair:3   | Reached skill level 17 in Invocations
 10909 | Lair:3   | Noticed a boulder beetle
 10914 | Lair:3   | Killed a boulder beetle
 11151 | Lair:3   | Noticed Amaemon
 11153 | Lair:3   | You fall into a shaft and drop 1 floor!
 11169 | Lair:4   | Reached XP level 13. HP: 108/116 MP: 23/25
 11323 | Lair:4   | Reached skill level 18 in Invocations
 11548 | Lair:3   | Your ally Orik died
 11577 | Lair:3   | Found a hide-covered altar of Uskayaw.
 11579 | Lair:3   | Found an ornate altar of the Wu Jian Council.
 11656 | Lair:3   | Reached skill level 19 in Invocations
 11922 | Lair:3   | Killed Amaemon
 12626 | Lair:3   | Found a staircase to the Swamp.
 13943 | Lair:4   | Found a staircase to the Slime Pits.
 13951 | Lair:4   | Reached skill level 20 in Invocations
 14019 | Lair:5   | Entered Level 5 of the Lair of Beasts
 14246 | Lair:5   | Gained Rocco as an ally
 14271 | Lair:5   | Your ally Ugbert died
 14273 | Lair:5   | Reached XP level 14. HP: 12/127 MP: 21/28
 14458 | Lair:5   | Found a large runed translucent door.
 14458 | Lair:5   | Found a large runed translucent door.
 14663 | Lair:5   | Found a dark tunnel.
 14674 | Volcano  | Entered a volcano
 15483 | Lair:5   | Reached skill level 10 in Shields
 15487 | Lair:5   | HP: 4/132 [water moccasin (6)]
 15488 | Lair:5   | HP: 1/132 [poisoned by a water moccasin]
 16472 | D:9      | Noticed Harold
 16481 | D:9      | Killed Harold
 16495 | D:9      | Gained Orkrul as an ally
 16689 | D:9      | Found a snail-covered altar of Cheibriados.
 16927 | D:9      | Noticed Psyche
 16927 | D:9      | You fall into a shaft and drop 3 floors!
 16937 | D:12     | Found a staircase to the Orcish Mines.
 16978 | D:12     | Identified the +4 ring mail "Baludd" {rN+}
 16995 | D:12     | Found a frozen archway.
 17011 | IceCv    | Entered an ice cave
 17025 | IceCv    | Noticed a quicksilver ooze
 17033 | IceCv    | Killed a quicksilver ooze
 17034 | IceCv    | Reached skill level 15 in Fighting
 17229 | IceCv    | Got the ring of Taoffiz {rElec rPois rF+++ rC+ Dex-5}
 17717 | IceCv    | Noticed a quicksilver ooze
 17726 | IceCv    | Killed a quicksilver ooze
 18627 | IceCv    | Found a viscous altar of Jiyva.
 18627 | IceCv    | Noticed an azure jelly
 18646 | IceCv    | Killed an azure jelly
 18651 | IceCv    | Slain by a very large slime creature

Illustrated notes

Levels and vault maps discovered:
D:1:      shiori_arrival_whats_in_store_for_you, layout_loops_cross,
          hellmonk_ecumenical_altar_dog_temple, serial_bayou_pond_e,
          minmay_splitting_lines
D:2:      layout_loops_ring
D:3:      layout_basic, serial_shops, nicolae_shop_window_shopping
D:4:      layout_basic, minmay_pentomino_pile, uniq_menkaure, uniq_sigmund,
          uniq_grinder
D:5:      layout_gridville, serial_shops, nicolae_shop_bloodbath_and_beyond
D:6:      layout_cave_pools, chequers_temple_overflow_minitemple,
          portal_sewer_entry_f
D:7:      layout_basic, minmay_temple_entry_steel_oval, minmay_ruffians
D:8:      layout_cave_pools, lair_entry_dummy, enter_bailey_3,
          minmay_manual_monolith
D:9:      layout_big_octagon, nicolae_overflow_hidden_temple,
          minmay_misc_feat_rugged, kennysheep_small_spiral, wad_scary_box,
          uniq_psyche, uniq_harold
D:12:     layout_grid_maze, orc_0_dummy, portal_ice_cave_rime
Temple:   hellmonk_temple_forest_ring
Lair:1:   layout_misc_corridors, small_statue_intersection, st_stairs_11,
          grunt_megastairs_1
Lair:2:   layout_roguey, alex1729_snake_entry_snake
Lair:3:   layout_layer_cave, swamp_mist, nicolae_quartered_pool_medium,
          nzn_masters_of_martial_movement, grunt_megastairs_4, uniq_amaemon
Lair:4:   layout_layer_cave, minmay_slime_entry_oklob_enclosed,
          serial_bayou_shore_a
Lair:5:   cheibrodos_lair_end_hotspot, layout_gridlike,
          nicolae_volcano_entry_vermiform
IceCv:    ice_cave_hellmonk_azure_passage

Skill      XL: |  1  2  3  4  5  6  7  8  9 10 11 12 13 14 |
---------------+-------------------------------------------+-----
Fighting       | 4 5 6 7 8 9 10 11 12 15 | 15.0
Axes           | 5 7 9 10 12 13 16 | 16.0
Invocations    | 3 6 8 12 17 20 | 20.0
Armour         | 4 5 8 |  8.1
Dodging        | 4 5 |  5.0
Shields        | 4 5 7 10 | 10.0

Action                     |  1- 3 |  4- 6 |  7- 9 | 10-12 | 13-15 || total
---------------------------+-------+-------+-------+-------+-------++-------
  Melee: Hand axe          |    84 |    70 |       |       |       ||   154
         War axe           |       |       |   206 |   174 |   331 ||   711
         Punch             |       |       |       |     1 |     8 ||     9
         Demon whip        |       |       |       |       |    12 ||    12
   Fire: Sling             |    24 |    37 |    31 |       |       ||    92
         Arbalest          |       |       |       |     4 |    39 ||    43
 Invoke: Convert to Beogh  |       |       |     1 |       |       ||     1
         Recall Orcish Fol |       |       |       |     8 |     3 ||    11
         Stop Recall       |       |       |       |     4 |     1 ||     5
         Smiting           |       |       |       |     3 |    18 ||    21
         Give Item to Name |       |       |       |     3 |       ||     3
  Evoke: Wand              |       |       |     2 |       |     1 ||     3
    Use: Potion            |       |     1 |     4 |     2 |     4 ||    11
         Scroll            |       |     1 |     2 |     1 |     1 ||     5
   Stab: Paralysed         |       |       |     6 |       |       ||     6
         Distracted        |       |       |       |     1 |     1 ||     2
 Armour: Robe              |     6 |       |       |       |       ||     6
         Ring mail         |    18 |    25 |    14 |       |       ||    57
         Chain mail        |       |       |    78 |   110 |   102 ||   290
         Fire dragon scale |       |       |       |       |   140 ||   140
  Dodge: Dodged            |    52 |    35 |    75 |    87 |   200 ||   449
         Repelled          |       |       |     1 |     3 |     5 ||     9

Table legend: (Time is in decaauts)
 A = Elapsed time spent in this place.
 B = Non-inter-level travel time spent in this place.
 C = Inter-level travel time spent in this place.
 D = Time resting spent in this place.
 E = Time spent auto-exploring this place.
 F = Levels seen in this place.
 G = Mean time per level.
                   A        B        C        D        E       F      G
               +--------+--------+--------+--------+--------+-----+--------+
         Total |  18908 |  17118 |   1790 |   4454 |   6981 |  20 |  945.4 |
       Dungeon |   8209 |   7314 |    895 |   1202 |   3981 |  10 |  820.9 |
        Temple |     84 |     82 |      2 |      0 |      0 |   1 |   84.0 |
          Lair |   7673 |   6780 |    893 |   1705 |   3000 |   5 | 1534.6 |
         Sewer |    551 |    551 |      0 |    200 |      0 |   1 |  551.0 |
        Bailey |    492 |    492 |      0 |     77 |      0 |   1 |  492.0 |
      Ice Cave |   1676 |   1676 |      0 |   1270 |      0 |   1 | 1676.0 |
       Volcano |    219 |    219 |      0 |      0 |      0 |   1 |  219.0 |
               +--------+--------+--------+--------+--------+-----+--------+

Top non-repeatable levels by time:
  Lair:3: 1878 daAuts
   IceCv: 1676 daAuts
  Lair:5: 1660 daAuts
  Lair:1: 1648 daAuts
  Lair:4: 1525 daAuts
     D:3: 1268 daAuts
     D:4: 1264 daAuts
     D:1: 1177 daAuts
     D:7: 1088 daAuts
  Lair:2: 960 daAuts
     D:2: 769 daAuts
     D:8: 736 daAuts
     D:5: 728 daAuts
     D:6: 583 daAuts
   Sewer: 551 daAuts
